AoeStats
← Random

Black Forest

506568556Analyzed
4v4 RM · 19d ago on Sep 14, 2026· 43m 52s· 8 players
Game mode
Random Map
Map size
Large (8 player)
Population
200
Speed
Normal
Resources
Standard
Victory
Conquest
Starting age
Dark Age
Ending age
Imperial Age
RankedLock teamsTeams togetherTeam positionsShared explorationLock speedFull tech treeHidden civsTurbo modeCheats
Victory
Defeat
🇺🇸 Japanese · United States
1655
+8
🇺🇸 Lithuanians · United States
1643
+9
🇲🇽 Khmer · Mexico
1567
+11
🇲🇽 Turks · Mexico
1485
+16
🇪🇪 Khmer · Estonia
1493
-12
🇺🇸 Maya · United States
1481
-11
🇹🇼 Saracens · Taiwan
1462
-11
🇨🇳 Slavs · China
1436
-10
Random
1:02 Loom
9:28 Feudal Age
11:03 Man-at-Arms
12:38 Loom
14:36 Double-Bit Axe
16:35 Horse Collar
23:24 Castle Age
21:45 Fletching
22:14 Fishing Lines
23:33 Gold Mining
25:44 Bow Saw
25:42 Heavy Plow
27:18 Wheelbarrow
26:28 Town Watch
32:04 Imperial Age
30:16 Gillnets
32:52 Scale Barding Armor
32:58 Forging
33:11 Conscription
34:20 Chain Barding Armor
34:45 Bloodlines
33:56 Cavalier
35:57 Iron Casting
37:00 Husbandry
38:11 Plate Barding Armor
37:15 Light Cavalry
39:52 Winged Hussar
41:32 Hill Forts
busy pushing deer
12:05 Feudal Age
16:01 Castle Age
13:54 Double-Bit Axe
15:26 Fishing Lines
15:59 Gold Mining
17:12 Bow Saw
18:19 Horse Collar
18:43 Gillnets
21:36 Heavy Plow
24:23 Wheelbarrow
25:51 Gold Shaft Mining
25:07 Stone Mining
26:32 Ballistics
26:03 Guard Tower
25:54 Treadmill Crane
26:39 Hand Cart
29:57 Imperial Age
27:22 Fletching
28:37 Bodkin Arrow
28:46 Murder Holes
28:50 Pikeman
29:30 Squires
30:02 Halberdier
30:46 Bracer
31:49 Chemistry
31:25 Keep
30:36 Arrowslits
30:57 Siege Engineers
31:41 Kataparuto
31:23 Yasama
31:31 Scale Mail Armor
31:41 Forging
32:42 Two-Man Saw
33:25 Onager
35:19 Chain Mail Armor
35:39 Iron Casting
40:40 Plate Mail Armor
41:10 Blast Furnace
CAXCAN
9:04 Loom
12:16 Feudal Age
14:58 Castle Age
13:06 Horse Collar
13:23 Double-Bit Axe
15:24 Bloodlines
23:10 Heavy Plow
23:21 Bow Saw
28:25 Wheelbarrow
29:31 Hand Cart
33:48 Imperial Age
33:30 Bloodlines
33:20 Husbandry
33:45 Scale Barding Armor
33:50 Forging
34:37 Tusk Swords
35:00 Chain Barding Armor
34:34 Elite Battle Elephant
36:15 Crop Rotation
35:48 Gold Mining
38:06 Conscription
39:38 Plate Barding Armor
39:47 Iron Casting
UrielFlocru
1:02 Loom
13:42 Feudal Age
15:29 Double-Bit Axe
17:58 Castle Age
16:34 Double-Bit Axe
16:33 Horse Collar
26:36 Bow Saw
28:28 Fishing Lines
29:46 Wheelbarrow
31:10 Fortified Wall
35:48 Imperial Age
34:12 Hand Cart
34:06 Fletching
35:09 Bodkin Arrow
35:15 Padded Archer Armor
35:38 Ballistics
35:51 Caravan
36:39 Sipahi
36:32 Thumb Ring
36:44 Leather Archer Armor
36:50 Forging
36:45 Scale Barding Armor
37:22 Heavy Cavalry Archer
38:28 Parthian Tactics
38:04 Bracer
38:36 Ring Archer Armor
38:57 Sipahi
38:58 Conscription
39:02 Town Watch
39:19 Heavy Plow
40:12 Artillery
42:06 Bombard Tower
42:37 Iron Casting
42:22 Chain Barding Armor
Morningstar
0:31 Loom
12:13 Feudal Age
12:43 Double-Bit Axe
13:45 Town Watch
18:05 Stone Mining
18:08 Gold Mining
22:51 Fletching
26:42 Castle Age
25:21 Horse Collar
27:28 Bodkin Arrow
27:00 Crossbowman
27:46 Thumb Ring
29:48 Masonry
31:31 Ballistics
34:35 Wheelbarrow
34:21 Padded Archer Armor
36:35 Hand Cart
36:03 Treadmill Crane
36:56 Leather Archer Armor
37:33 Bow Saw
40:32 Stone Shaft Mining
39:51 Pikeman
BaiKai AOE
11:15 Feudal Age
12:28 Double-Bit Axe
14:50 Castle Age
12:42 Horse Collar
14:07 Gold Mining
15:47 Bow Saw
15:19 Fishing Lines
17:46 Heavy Plow
18:41 Loom
22:26 Wheelbarrow
22:55 Gillnets
25:46 Hand Cart
27:01 Atonement
29:36 Imperial Age
27:26 Fletching
27:36 Padded Archer Armor
27:43 Scale Barding Armor
27:33 Stone Mining
28:04 Bodkin Arrow
28:49 Forging
29:32 Gold Shaft Mining
29:47 Thumb Ring
30:14 Ballistics
30:37 Bracer
31:40 Chemistry
30:13 Heavy Cavalry Archer
31:20 Conscription
32:16 Two-Man Saw
31:41 Leather Archer Armor
32:07 Parthian Tactics
31:34 Town Watch
32:14 Husbandry
32:24 Bloodlines
32:18 Elite Mameluke
33:50 Chain Barding Armor
34:06 Iron Casting
35:32 Plate Barding Armor
35:27 Ring Archer Armor
35:10 Masonry
36:29 Counterweights
36:53 Bimaristan
38:52 Blast Furnace
37:17 Onager
38:49 Counterweights
39:11 Caravan
39:08 Treadmill Crane
39:34 Siege Engineers
39:41 Siege Engineers
40:04 Siege Onager
Artacus
11:02 Feudal Age
13:43 Castle Age
11:33 Double-Bit Axe
11:32 Horse Collar
12:44 Loom
16:17 Bow Saw
21:51 Wheelbarrow
21:50 Heavy Plow
23:27 Gold Mining
25:24 Gold Shaft Mining
24:40 Stone Mining
26:44 Hand Cart
29:25 Imperial Age
27:58 Stone Shaft Mining
30:42 Bloodlines
30:33 Husbandry
29:54 Light Cavalry
29:58 Capped Ram
30:06 Heavy Scorpion
31:00 Scale Barding Armor
31:07 Forging
31:27 Siege Engineers
31:01 Siege Ram
32:38 Double Crossbow
33:08 Ballistics
33:28 Conscription
32:31 Hussar
34:27 Crop Rotation
36:42 Elite Battle Elephant
37:48 Chain Barding Armor
38:05 Iron Casting
37:47 Tusk Swords
39:45 Plate Barding Armor
40:12 Blast Furnace
Mick...
0:34 Loom
15:53 Feudal Age
Connection lost

Rejoining the realm…

Still unreachable

The connection could not be restored.

Session expired

The server has moved on; the page needs a fresh start.